 Dungeon Crawl Stone Soup version 0.26.0-16-gc1dbca0489 (webtiles) character file.

Game seed: 13134145259242893036

2271 vvl the Transmogrifier (level 9, -1/71 HPs)
             Began as a Pale Draconian Transmuter on Jan 18, 2021.
             Slain by a wraith (13 damage)
             ... on level 7 of the Dungeon.
             The game lasted 00:22:27 (7793 turns).

vvl the Transmogrifier (Pale Draconian Transmuter)  Turns: 7793, Time: 00:22:27

Health: -1/71      AC: 10    Str: 22    XL:     9   Next: 16%
Magic:  14/14      EV: 13    Int: 14    God:
Gold:   137        SH:  0    Dex: 11    Spells: 10/15 levels left

rFire    . . .     SeeInvis .   w - +5 dire flail (protect)
rCold    . . .     Faith    .   (shield currently unavailable)
rNeg     . . .     Spirit   .   (armour unavailable)
rPois    .         Reflect  .   (helmet restricted)
rElec    .         Harm     .   i - +1 cloak
rCorr    .         Rampage  .   (no gloves)
Will     +....                  D - +0 pair of boots
Stlth    +.........             A - amulet of the acrobat
HPRegen  0.21/turn              n - ring of willpower
MPRegen  0.14/turn              k - +6 ring of strength

@: about to teleport, short of breath, slowed, very slow
A: breathe steam, unfitting armour, cold-blooded, AC +7
a: Breathe Steam


You were on level 7 of the Dungeon.
You visited 1 branch of the dungeon, and saw 7 of its levels.

You collected 876 gold pieces.
You spent 739 gold pieces at shops.

Inventory:

Hand Weapons
 w - a +5 dire flail of protection (weapon)
Missiles
 u - 9 javelins
Armour
 i - a +1 cloak (worn)
 D - a +0 pair of boots (worn)
Jewellery
 a - an uncursed ring of protection from cold
 e - an uncursed ring of magical power
 k - a +6 ring of strength (right hand)
 n - a ring of willpower (left hand)
 o - an uncursed ring of fire
 A - an amulet of the acrobat (around neck)
 I - an uncursed ring of flight
 L - an uncursed ring of resist corrosion {unknown}
Wands
 x - a wand of polymorph (6)
 B - a wand of paralysis (8)
 C - a wand of iceblast (7)
 F - a wand of flame (16)
Scrolls
 b - 2 scrolls of amnesia
 c - 5 scrolls of immolation
 j - 3 scrolls of magic mapping
 l - a scroll of holy word
 m - 6 scrolls of teleportation
 y - a scroll of enchant armour
 H - 2 scrolls of remove curse
 J - a scroll of summoning
 K - a scroll of identify
Potions
 f - 2 potions of mutation
 g - 2 potions of lignification {unknown}
 h - 4 potions of brilliance
 p - 2 potions of berserk rage
 q - 4 potions of curing
 r - a potion of ambrosia {unknown}
 s - 3 potions of attraction
 t - a potion of cancellation {unknown}
 v - a potion of might {unknown}
 z - a potion of invisibility {unknown}
 E - a potion of haste
 G - a potion of resistance {unknown}


   Skills:
 + Level 3.8 Fighting
 + Level 3.3 Dodging
 * Level 7.1 Unarmed Combat
 + Level 3.7 Spellcasting
 + Level 0.4 Summonings
 * Level 8.0 Transmutations
 + Level 3.3 Evocations


You had 10 spell levels left.
You knew the following spells:

 Your Spells              Type           Power        Failure   Level
a - Blade Hands           Tmut           12%          21%         5

Your spell library contained the following spells:

 Spells                   Type           Power        Failure   Level
 Beastly Appendage        Tmut           50%          1%          1
 Wereblood                Tmut           25%          1%          2
 Spider Form              Tmut/Pois      6%           12%         3
 Summon Small Mammal      Summ           12%          16%         1
 Call Imp                 Summ           3%           24%         2
 Ice Form                 Ice/Tmut       13%          36%         4
 Call Canine Familiar     Summ           3%           43%         3
 Summon Guardian Golem    Hex/Summ       3%           47%         3
 Summon Ice Beast         Ice/Summ       3%           87%         4
 Summon Lightning Spire   Summ/Air       3%           87%         4


Dungeon Overview and Level Annotations

Branches:
Dungeon (7/15)             Temple (0/1) D:6

Altars:
Ashenzari
Elyvilon
Gozag
Kikubaaqudgha
Nemelex Xobeh
Qazlal
Trog
Uskayaw
Vehumet
Yredelemnul
The Shining One

Shops:
D:5 ??}[


Innate Abilities, Weirdness & Mutations

You can breathe blasts of scalding, opaque steam.
Your pale cyan-grey scales are hard. (AC +7)
You cannot fit into any form of body armour.
You are cold-blooded and may be slowed by cold attacks.


Message History

The wraith hits you but does no damage.
The orc priest mumbles some strange prayers to Beogh against you.
Beogh smites you!
* * * LOW HITPOINT WARNING * * *
The wraith hits you but does no damage. The wraith hits you.
* * * LOW HITPOINT WARNING * * *
The wraith drains your vigour!
You feel as though you will be slow longer.
You feel much better.
The orc priest begins to cast a cantrip, but forgets the words!
The wraith hits you! The wraith drains your vigour!
You feel as though you will be slow longer.
The wraith hits you!
* * * LOW HITPOINT WARNING * * *
The orc priest calls upon Beogh to heal the orc warrior.
The orc warrior's wounds heal themselves!
As you read the scroll of teleportation, it crumbles to dust.
You feel strangely unstable. The wraith hits you but does no damage.
The wraith hits you!
You die...

........##.#..
.................#.#.#
.................#..#
........[.........#.)#
$............(...#.#..#
.................#..##.#
...............o.#######
...............WW.......
......>.......oo@#....#.
............o....#......
....#...#..........##...
##..#...#..........# #.
#....))#..<#####.##
###.##.)....##...# ##
##.#....#...###.
##.....<.......
###..........#


You could see 2 wraiths, an orc warrior (paralysed), an orc priest, an orc
wizard (fast) and an orc.

Vanquished Creatures
  A wraith (D:7)
  Edmund (D:4)
  A phantom (D:5)
  4 ogres
  4 centaurs (D:5)
  A bullfrog (D:6)
  A wyvern zombie (D:6)
  4 scorpions
  A quasit (D:5)
  2 bullfrog zombies
  A crimson imp (D:4)
  2 jellies (D:5)
  2 hounds (D:5)
  A bullfrog skeleton (D:6)
  2 orc priests
  A gnoll shaman (D:6)
  Natasha (thrice) (D:3)
  5 orc wizards
  4 worker ants
  A hound skeleton (D:6)
  8 gnolls
  6 adders
  A shadow imp (D:5)
  2 white imps
  An ufetubus (D:6)
  An adder zombie (D:5)
  2 worms
  4 dart slugs
  A leopard gecko (D:1)
  15 orcs
  6 giant cockroaches
  4 goblins
  9 hobgoblins
  8 jackals
  10 kobolds
  4 quokkas
  A ball python (D:4)
  5 bats
  2 frilled lizards
  3 goblin skeletons (D:4)
  A goblin zombie (D:4)
  A jackal skeleton (D:5)
  A kobold skeleton (D:4)
  A kobold zombie (D:4)
  A leopard gecko skeleton (D:4)
  2 orc skeletons (D:4)
  4 orc zombies (D:4)
  A quokka skeleton (D:4)
  3 rats
150 creatures vanquished.

Notes
Turn   | Place    | Note
-------+----------+-------------------------------------------
     0 | D:1      | vvl the Draconian Transmuter began the quest for the Orb.
     0 | D:1      | Reached XP level 1. HP: 16/16 MP: 3/3
   603 | D:1      | Reached XP level 2. HP: 23/23 MP: 5/5
   871 | D:2      | Reached skill level 3 in Transmutations
   932 | D:2      | Reached XP level 3. HP: 28/28 MP: 6/6
  1847 | D:2      | Reached XP level 4. HP: 19/35 MP: 7/7
  2577 | D:3      | Reached skill level 4 in Transmutations
  2702 | D:3      | Reached XP level 5. HP: 18/40 MP: 8/8
  2911 | D:3      | Found a broken altar of Ashenzari.
  2991 | D:3      | Found a white marble altar of Elyvilon.
  3045 | D:3      | Noticed Natasha
  3054 | D:3      | Killed Natasha
  3122 | D:3      | Found a basalt altar of Yredelemnul.
  3152 | D:3      | Noticed Natasha
  3165 | D:3      | Killed Natasha
  3344 | D:3      | Noticed Natasha
  3352 | D:3      | Killed Natasha
  3353 | D:3      | Reached skill level 5 in Transmutations
  3492 | D:3      | Learned a level 5 spell: Blade Hands
  3519 | D:4      | Found a glowing golden altar of the Shining One.
  3536 | D:4      | Reached XP level 6. HP: 47/47 MP: 9/9
  3761 | D:4      | Found a hide-covered altar of Uskayaw.
  3763 | D:4      | Noticed Edmund
  3807 | D:4      | Killed Edmund
  3808 | D:4      | Reached skill level 5 in Unarmed Combat
  3808 | D:4      | Reached skill level 6 in Transmutations
  4140 | D:4      | Found a bloodstained altar of Trog.
  4267 | D:4      | Your scales start taking on a pale cyan-grey colour.
  4267 | D:4      | Reached XP level 7. HP: 47/52 MP: 10/10
  4899 | D:5      | Entered Level 5 of the Dungeon
  5095 | D:5      | Found an opulent altar of Gozag.
  5105 | D:5      | Reached skill level 1 in Evocations
  5157 | D:5      | Found Ympix's Gadget Shoppe.
  5343 | D:5      | Bought a wand of paralysis (9) for 110 gold pieces
  5343 | D:5      | Bought a wand of iceblast (7) for 110 gold pieces
  5352 | D:5      | Found an ancient bone altar of Kikubaaqudgha.
  5368 | D:5      | Reached XP level 8. HP: 62/62 MP: 10/12
  5393 | D:5      | Found Ugusystra's Magic Scroll Boutique.
  5398 | D:5      | Bought 2 scrolls of identify for 48 gold pieces
  5398 | D:5      | Identified a scroll of acquirement
  5408 | D:5      | Acquired 469 gold pieces
  5428 | D:5      | Bought a scroll of holy word for 90 gold pieces
  5428 | D:5      | Bought a scroll of enchant armour for 90 gold pieces
  5428 | D:5      | Bought a scroll of immolation for 42 gold pieces
  5428 | D:5      | Bought a scroll of identify for 24 gold pieces
  5447 | D:5      | Reached skill level 7 in Transmutations
  5814 | D:5      | Found Faw Jeh's Armour Shop.
  5954 | D:5      | Found a radiant altar of Vehumet.
  6189 | D:5      | Found Yrrubuse's Magic Scroll Emporium.
  6192 | D:5      | Bought a scroll of identify for 22 gold pieces
  6192 | D:5      | Bought a scroll of summoning for 104 gold pieces
  6192 | D:5      | Bought a scroll of teleportation for 33 gold pieces
  6192 | D:5      | Bought a scroll of teleportation for 33 gold pieces
  6192 | D:5      | Bought a scroll of teleportation for 33 gold pieces
  6282 | D:5      | Found a stormy altar of Qazlal.
  6282 | D:5      | Found a sparkling altar of Nemelex Xobeh.
  6486 | D:6      | Found a staircase to the Ecumenical Temple.
  7348 | D:6      | Reached XP level 9. HP: 62/70 MP: 14/14
  7743 | D:7      | Reached skill level 8 in Transmutations
  7789 | D:7      | HP: 1/71 [wraith (8)]
  7793 | D:7      | Slain by a wraith

Illustrated notes

Levels and vault maps discovered:
D:1:      tarquinn_simple_flora_water_c, layout_loops_ring,
          hangedman_abyss_or_decor_stabs, nrook_mini_vaults,
          minmay_tiny_reverse_x
D:2:      layout_basic, minmay_increasing_density
D:3:      layout_rooms, kennysheep_ying_yang, ashenzari_altar_1, uniq_natasha
D:4:      layout_basic, old_standard_altar, bloody_trog,
          nicolae_tso_besieged_by_evil, uniq_edmund
D:5:      layout_rooms, lemuel_round_altar, grunt_gozag_breadcrumbs,
          gammafunk_temple_overflow_pools, serial_shops,
          nicolae_shop_window_shopping, nicolae_shop_window_shopping, shop,
          nicolae_shop_crystal, vehumet_altar_wand_db
D:6:      layout_gridville, minmay_temple_entry_mist
D:7:      layout_cave_pools, minmay_guarded_unrand_finisher,
          uniq_crazy_yiuf_cottage

Skill      XL: |  1  2  3  4  5  6  7  8  9 |
---------------+----------------------------+-----
Transmutations | 3 4 5 6 7 8 |  8.0
Unarmed Combat | 4 5 6 7 |  7.1
Dodging        | 2 3 |  3.3
Fighting       | 2 3 |  3.8
Evocations     | 1 3 |  3.3
Spellcasting   | 3 |  3.7
Summonings     | |  0.4

Action                   |  1- 3 |  4- 6 |  7- 9 || total
-------------------------+-------+-------+-------++-------
Melee: Unarmed           |   134 |   237 |       ||   371
       Tailslap          |    15 |    33 |    32 ||    80
       Punch             |     3 |     8 |       ||    11
       Whip              |    19 |     7 |       ||    26
       Kick              |     1 |       |       ||     1
       Dire flail        |       |    10 |   241 ||   251
 Cast: Beastly Appendage |     1 |       |       ||     1
       Blade Hands       |       |     1 |       ||     1
 Abil: Breathe Steam     |       |       |     5 ||     5
Evoke: Wand              |       |       |     1 ||     1
  Use: Scroll            |     4 |     4 |    10 ||    18
       Potion            |       |       |     2 ||     2
Armor: Skin              |    58 |   100 |   141 ||   299
Dodge: Dodged            |   126 |   157 |   265 ||   548
